Map: Terrasses de Prion

Players

Misx

  • Race: Zerg Zerg

Worming - Winner!

  • Race: Zerg Zerg

VOD

Have the link to the VOD?

Description

Time

  • Played on: Nov. 11, 2015, 7:03 a.m.
  • Length: 13:22
Show
View Real Time Build Order
Export as new Build Order

Misx Zerg 

Build Orders: Hatch First, Zergling Baneling 

Get SALT Encoding   

  12  0:01  Drone  
  13  0:12  Overlord  
  13  0:18  Drone  
  14  0:31  Drone x2  
  14  0:34  Drone  
  17  0:55  Hatchery  
  16  0:57  Drone  
  17  1:10  Spawning Pool  
  16  1:14  Drone  
  16  1:16  Extractor  
  16  1:22  Drone x2  
  18  1:28  Drone  
  19  1:41  Overlord  
  19  1:57  Queen  
  19  1:58  Zergling x2  
  22  2:02  Zergling x2  
  22  2:07  Queen  
  25  2:10  Drone  
  25  2:13  Drone  
  27  2:20  Metabolic Boost  
  27  2:24  Drone x2  
  29  2:37  Queen  
  29  2:38  Drone x2  
  33  2:44  Drone  
  33  2:45  Drone  
  33  2:49  Baneling Nest  
  34  2:55  Drone x2  
  36  3:03  Spine Crawler  
  36  3:04  Drone  
  36  3:06  Overlord  
  36  3:15  Evolution Chamber  
  35  3:23  Zergling x2  
  35  3:26  Zergling x2  
  37  3:30  Overlord  
  37  3:39  Drone x7  
  44  3:44  Baneling x2  
  44  3:46  Zerg Melee Weapons Level 1  
  44  3:49  Drone x3  
  44  3:50  Drone  
  44  3:53  Drone  
  44  3:54  Extractor  
  48  3:57  Zergling x2  
  49  4:05  Zergling x4  
  51  4:18  Zergling x2  
  51  4:23  Overlord x3  
  52  4:41  Zergling x6  
  52  4:42  Zergling x10  
  52  4:44  Baneling x8  
  59  4:50  Zergling x2  
  58  5:13  Zergling x4  
  58  5:14  Zergling x14  
  64  5:22  Lair  
  64  5:29  Zergling x2  
  64  5:30  Zergling x8  
  64  5:32  Overlord  
  69  5:38  Baneling x2  
  69  5:46  Hatchery  
  50  6:06  Zergling x2  
  50  6:07  Zergling x12  
  55  6:11  Drone  
  55  6:12  Roach Warren  
  55  6:21  Zergling x2  
  56  6:26  Zerg Ground Armor Level 1  
  56  6:29  Zergling x14  
  63  6:34  Queen  
  63  6:35  Drone, Hatchery  
  65  6:48  Zergling x2  
  65  6:49  Zergling x2  
  65  6:54  Zergling x8  
  68  7:10  Zergling x12  
  72  7:17  Queen  
  72  7:19  Zergling x2  
  72  7:20  Zergling x2  
  73  7:30  Zergling x2  
  73  7:31  Zergling x14  
  81  7:40  Drone  
  82  7:44  Overlord  
  82  7:45  Overlord x2  
  82  7:48  Queen  
  82  7:50  Zergling x4  
  86  7:56  Baneling x4  
  86  7:57  Baneling x2  
  86  8:12  Drone x5  
  91  8:13  Drone x6  
  91  8:15  Extractor  
  91  8:17  Extractor  
  95  8:20  Spire  
  83  8:35  Zergling x26  
  83  8:36  Zergling x6  
  83  8:41  Drone  
  91  8:45  Zergling x6  
  92  8:55  Zergling x12  
  93  9:08  Zergling x2  
  93  9:09  Zergling x14  
  101  9:17  Overlord x6  
  101  9:18  Overlord  
  100  9:34  Mutalisk  
  100  9:35  Mutalisk x8  
  93  9:46  Mutalisk  
  93  9:47  Mutalisk  
  93  9:49  Zergling x2  
  93  9:50  Zergling x18  
  103  10:09  Zergling x2  
  103  10:10  Zergling x12  
  104  10:30  Zergling x2  
  104  10:31  Zergling x28  
  102  10:50  Zergling x20  
  102  10:53  Mutalisk x4  
  102  10:54  Mutalisk x3  
  97  11:07  Zergling x2  
  97  11:08  Zergling x8  
  101  11:11  Mutalisk  
  101  11:12  Mutalisk  
  101  11:17  Hatchery  
  94  11:24  Baneling  
  93  11:26  Baneling x3  
  93  11:28  Zergling x2  
  93  11:29  Zergling x26  
  104  11:39  Zergling x6  
  82  11:49  Mutalisk  
  82  11:50  Mutalisk x2  
  83  12:06  Zergling x6  
  83  12:07  Zergling x12  
  90  12:12  Baneling  
  90  12:13  Baneling x2  
  90  12:27  Zergling x4  
  90  12:28  Zergling x14  
  99  12:39  Extractor  
  99  12:40  Hatchery  
  99  12:43  Extractor  
  96  12:57  Mutalisk  
Show
View Real Time Build Order
Export as new Build Order

Worming Zerg - Winner!

Build Orders: Pool First 

Get SALT Encoding   

  12  0:01  Drone  
  13  0:14  Overlord  
  13  0:18  Drone  
  14  0:33  Drone x2  
  16  0:47  Spawning Pool  
  16  0:48  Drone  
  16  0:50  Drone  
  17  1:12  Hatchery  
  17  1:15  Drone  
  17  1:17  Drone  
  18  1:23  Drone  
  19  1:30  Overlord  
  19  1:37  Queen  
  21  1:41  Zergling x2  
  22  1:48  Extractor  
  22  1:52  Drone  
  22  2:04  Drone  
  23  2:13  Queen  
  25  2:17  Drone  
  26  2:32  Zergling x4  
  28  2:47  Drone x6  
  34  2:52  Metabolic Boost  
  34  2:54  Overlord  
  34  3:07  Overlord  
  34  3:11  Zergling x4  
  36  3:24  Drone x3  
  36  3:25  Drone x4  
  36  3:26  Overlord  
  43  3:33  Queen  
  45  3:41  Overlord  
  45  3:57  Lair, Evolution Chamber  
  45  3:59  Drone x2  
  45  4:00  Drone, Roach Warren  
  45  4:02  Drone  
  47  4:03  Hatchery  
  46  4:10  Zergling x6  
  49  4:26  Overlord  
  49  4:42  Roach x4  
  49  4:43  Roach x3  
  61  4:50  Roach  
  62  4:55  Extractor  
  62  4:57  Extractor  
  62  4:58  Drone x3  
  62  4:59  Drone x3  
  61  5:14  Drone x5  
  66  5:22  Zerg Missile Weapons Level 1  
  66  5:27  Extractor  
  65  5:29  Drone x7  
  72  5:38  Roach x2  
  76  5:54  Roach x3  
  76  5:56  Glial Reconstitution  
  77  6:10  Hatchery  
  76  6:11  Extractor  
  76  6:14  Extractor  
  76  6:16  Lair  
  76  6:18  Baneling Nest, Overlord  
  74  6:19  Zergling x6  
  74  6:24  Overlord x2  
  76  6:36  Drone x3  
  76  6:37  Drone x2  
  79  6:55  Roach x4  
  87  7:04  Baneling  
  87  7:05  Baneling x3  
  81  7:16  Drone x2  
  81  7:18  Evolution Chamber  
  81  7:22  Roach  
  70  7:23  Roach x3  
  70  7:27  Queen  
  74  7:34  Drone  
  74  7:35  Drone x3  
  74  7:36  Drone x2  
  80  7:39  Roach x3  
  80  7:43  Zerg Missile Weapons Level 2  
  86  7:45  Zergling x2, Zerg Ground Armor Level 1  
  86  7:48  Baneling x2  
  87  7:55  Roach x3  
  93  8:10  Overlord  
  93  8:21  Roach x4  
  93  8:22  Roach x2  
  93  8:23  Overlord x4  
  101  8:38  Roach x2  
  101  8:40  Roach x6  
  89  8:51  Roach x9  
  89  8:55  Queen x2  
  107  9:00  Roach x2  
  107  9:01  Roach  
  115  9:12  Roach  
  115  9:13  Roach x2  
  121  9:28  Hydralisk Den  
  108  9:39  Roach x10  
  108  9:41  Hatchery  
  93  9:53  Roach x6  
  99  10:01  Zerg Ground Armor Level 2  
  99  10:09  Muscular Augments, Hydralisk x4  
  99  10:10  Hydralisk x3  
  113  10:18  Hydralisk x5  
  113  10:21  Burrow  
  117  10:23  Spore Crawler  
  117  10:25  Spore Crawler  
  111  10:36  Hydralisk x3  
  111  10:37  Roach x5  
  111  10:38  Roach  
  117  10:46  Roach x5  
  109  11:05  Spore Crawler  
  109  11:06  Spore Crawler  
  109  11:09  Roach x7  
  109  11:23  Drone x2  
  103  11:45  Hydralisk x3  
  103  11:46  Hydralisk x8  
  93  12:03  Roach x7  
  95  12:15  Drone x3  
  96  12:16  Roach  
  96  12:17  Roach x3  
  106  12:34  Roach x5  
  116  12:37  Hatchery  
  116  12:42  Infestation Pit  
  114  12:50  Zergling x2  
  114  12:51  Zergling x2  
  116  12:53  Overlord x2  
Tags
 
Add a new tag
Caveats
  • Supply blocks, unpowered buildings, or Contaminate may cause inaccurate times.
  • Supply counts are checked every 10 seconds.